 Dungeon Crawl Stone Soup version 0.25.1-8-g42b30a86e7 (webtiles) character file.

Game seed: 15536758190173762095

1439 Descartes the Zephyrmancer (level 8, -8/41 HPs)
             Began as a Deep Elf Air Elementalist on Dec 13, 2020.
             Was an Initiate of Vehumet.
             Killed from afar by an orc wizard (13 damage)
             ... with a puff of flame
             ... on level 6 of the Dungeon.
             The game lasted 00:14:42 (7157 turns).

Descartes the Zephyrmancer (DEAE)                   Turns: 7157, Time: 00:14:42

Health: -8/41      AC:  3    Str:  5    XL:     8   Next: 45%
Magic:  9/17       EV: 15    Int: 21    God:    Vehumet [......]
Gold:   342        SH:  0    Dex: 15    Spells: 2/17 levels left

rFire    . . .     SeeInvis .   f - +3 dagger
rCold    . . .     Gourm    .   (no shield)
rNeg     . . .     Faith    .   a - +0 robe
rPois    .         Spirit   .   k - +0 helmet
rElec    .         Reflect  .   (no cloak)
rCorr    .         Harm     .   (no gloves)
MR       .....                  (no boots)
Stlth    ++........             (no amulet)
HPRegen  0.13/turn              (no ring)
MPRegen  0.15/turn              (no ring)

@: very slightly contaminated
A: repulsion field 1, dopey 1, evolution 1, no potion heal 1
a: Renounce Religion


You were on level 6 of the Dungeon.
You worshipped Vehumet.
Vehumet was noncommittal.
You were very hungry.

You visited 2 branches of the dungeon, and saw 7 of its levels.

You collected 342 gold pieces.

Inventory:

Hand Weapons
 f - a +3 dagger (weapon)
 q - a +0 dagger of holy wrath
 u - a +0 dagger of speed
Missiles
 g - 83 stones (quivered)
 h - 59 arrows
 o - 33 sling bullets
 r - 6 atropa-tipped darts
 t - 7 boomerangs
Armour
 a - a +0 robe (worn)
 k - a +0 helmet (worn)
Magical Staves
 w - an uncursed staff of conjuration {unknown}
Jewellery
 y - an uncursed ring of poison resistance {unknown}
Wands
 s - a wand of flame (17)
 z - a wand of digging (2)
 B - a wand of random effects (19)
Scrolls
 b - 5 scrolls of remove curse
 d - a scroll of amnesia {unknown}
 e - 2 scrolls of identify
 i - a scroll of enchant armour {unknown}
 j - 2 scrolls of teleportation {unknown}
 m - a scroll of blinking {unknown}
 p - a scroll of enchant weapon {unknown}
 x - a scroll of immolation {unknown}
Potions
 l - a potion of flight
 n - a potion of haste {unknown}
 v - a potion of heal wounds
 C - a potion of brilliance
 D - a potion of resistance {unknown}
Comestibles
 c - 6 rations


   Skills:
 - Level 2.4 Dodging
 - Level 2.4 Stealth
 - Level 5.0 Spellcasting
 - Level 5.0 Conjurations
 + Level 9.5 Air Magic


You had 2 spell levels left.
You knew the following spells:

 Your Spells              Type           Power        Failure   Level  Hunger
a - Shock                 Conj/Air       ####         1%          1    None
b - Airstrike             Air            #####.....   2%          4    ####...
c - Static Discharge      Conj/Air       #####...     1%          3    ##.....
d - Lightning Bolt        Conj/Air       #####.....   16%         5    #####..
e - Swiftness             Chrm/Air       ####....     2%          2    None

Your spell library contained the following spells:

 Spells                   Type           Power        Failure   Level  Hunger


Dungeon Overview and Level Annotations

Branches:
Dungeon (6/15)             Temple (1/1) D:4

Altars:
Cheibriados
Dithmenos
Fedhas
Hepliaklqana
Kikubaaqudgha
Makhleb
Nemelex Xobeh
Qazlal
Ru
Sif Muna
Trog
Uskayaw
Vehumet
Zin
The Shining One


Innate Abilities, Weirdness & Mutations

You are surrounded by a mild repulsion field. (EV +2)
You are dopey. (Int -2)
You evolve.
Potions are less effective at restoring your health.


Message History

The orc warrior is heavily wounded.
The orc warrior hits you from afar with a +3 trident!
Casting: Shock (safe; 1% risk of failure)
Confirm with . or Enter, or press ? or * to list all spells.
Aiming: Shock (safe; 1% risk of failure)
Press: ? - help, Shift-Dir - straight line, f/p - orc warrior
Aim: an orc warrior, wielding a +3 trident and wearing a +0 chain mail (heavily wounded)
The zap hits the orc warrior.
The orc warrior is heavily wounded.
The zap misses the orc.
The zap hits the orc!
You kill the orc!
Vehumet accepts your kill.
The zap misses the orc wizard.
The orc wizard casts a spell at you.
You easily resist.
The orc warrior hits you from afar with a +3 trident!
* * * LOW HITPOINT WARNING * * *
The orc wizard points at you and mumbles some strange words.
The puff of flame hits you!
You die...

....#.####..#########
..###..##..## ##..## #.. .##
##....## ####....# #.. .#
##.....## #.##...#### #..#
####....#..###.#..###..## #!.
.##....###..##..### o.... ..
.......# ##..#..###...... .
.......# ###....#..o)#
.......###......@.#### ..
.......#.....#..### #.
..###.....####.## .# .##
#....## ##..## #. ##
##..#####....#####.# #
#..###........##..# ###
##..............#.# .#
..###.................# ..#
#....#..#........###..###...#


You could see an orc warrior and an orc wizard.

Vanquished Creatures
  Eustachio (D:4)
  3 yaks (D:6)
  An ice beast (D:5)
  A bullfrog (D:6)
  Blork the orc (D:5)
  2 scorpions
  A crimson imp (D:6)
  A bullfrog zombie (D:5)
  3 orc priests
  A bullfrog skeleton (D:6)
  Ijyb (D:5)
  An iguana (D:5)
  5 orc wizards
  2 hound skeletons
  A gnoll (D:1)
  4 adders
  2 shadow imps
  An ooze (D:3)
  An adder zombie (D:5)
  2 adder skeletons
  3 dart slugs
  6 leopard geckos
  11 orcs
  9 bats
  4 giant cockroaches
  2 goblins
  6 hobgoblins
  9 kobolds
  4 quokkas
  A ball python (D:5)
  5 frilled lizards
  A giant cockroach zombie (D:5)
  4 rats
100 creatures vanquished.

Notes
Turn   | Place    | Note
-------+----------+-------------------------------------------
     0 | D:1      | Descartes the Deep Elf Air Elementalist began the quest for
                  | the Orb.
     0 | D:1      | Reached XP level 1. HP: 10/10 MP: 6/6
   144 | D:1      | Reached XP level 2. HP: 15/15 MP: 2/8
   571 | D:1      | Reached XP level 3. HP: 19/19 MP: 6/10
  1470 | D:2      | Found a shadowy altar of Dithmenos.
  1976 | D:3      | Reached XP level 4. HP: 24/24 MP: 7/12
  2469 | D:3      | Found a burning altar of Makhleb.
  2881 | D:4      | Noticed Eustachio
  2919 | D:4      | Killed Eustachio
  2919 | D:4      | Reached skill level 5 in Spellcasting
  2919 | D:4      | Reached skill level 4 in Air Magic
  2919 | D:4      | Reached XP level 5. HP: 7/28 MP: 0/14
  3222 | D:4      | Found a staircase to the Ecumenical Temple.
  3225 | D:4      | Reached XP level 6. HP: 32/32 MP: 11/15
  3262 | Temple   | Entered the Ecumenical Temple
  3334 | Temple   | Became a worshipper of Vehumet
  3469 | D:3      | Learned a level 4 spell: Airstrike
  3473 | D:3      | Learned a level 3 spell: Static Discharge
  3480 | D:4      | Reached skill level 5 in Air Magic
  4141 | D:4      | Found a sparkling altar of Nemelex Xobeh.
  4378 | D:5      | Entered Level 5 of the Dungeon
  4696 | D:5      | Reached skill level 5 in Conjurations
  4696 | D:5      | Reached XP level 7. HP: 36/36 MP: 10/16
  4848 | D:5      | Noticed Blork the orc
  4857 | D:5      | Killed Blork the orc
  4857 | D:5      | Reached skill level 6 in Air Magic
  5085 | D:5      | Noticed Ijyb
  5092 | D:5      | Killed Ijyb
  5205 | D:5      | Reached skill level 7 in Air Magic
  5415 | D:5      | Gained mutation: You are dopey. (Int -2) [potion of
                  | mutation]
  5415 | D:5      | Gained mutation: You evolve. [potion of mutation]
  5415 | D:5      | Gained mutation: Potions are less effective at restoring
                  | your health. [potion of mutation]
  5415 | D:5      | Gained mutation: You are surrounded by a mild repulsion
                  | field. (EV +2) [potion of mutation]
  5669 | D:6      | Learned a level 5 spell: Lightning Bolt
  5672 | D:6      | Learned a level 2 spell: Swiftness
  6164 | D:6      | Reached skill level 8 in Air Magic
  6164 | D:6      | Reached XP level 8. HP: 34/41 MP: 11/17
  6590 | D:6      | Reached skill level 9 in Air Magic
  7157 | D:6      | Killed from afar by an orc wizard

Illustrated notes

Levels and vault maps discovered:
D:1:      dpeg_chamrin_arrival_tetris, layout_loops_corners,
          minmay_indecisive_spiral
D:2:      layout_loops_ring, grunt_dithmenos_smoke, minmay_misc_feat_tiny,
          minmay_misc_feat_hallway
D:3:      layout_loops_ring, lightli_temple_of_fire
D:4:      layout_loops_corners, minmay_temple_entry_proselytizer, first_ration,
          chequers_serial_rivers_micro_c, chequers_avenue, corner_web_ring,
          nemelex_lonely_heart_becter, uniq_eustachio
D:5:      layout_cave_pools, uniq_blork_the_orc, uniq_ijyb
D:6:      layout_layer_cave, basic_altar
Temple:   nicolae_temple_x_marks_the_god

Skill      XL: |  1  2  3  4  5  6  7  8 |
---------------+-------------------------+-----
Conjurations   | 2 3 5 |  5.0
Spellcasting   | 4 5 |  5.0
Air Magic      | 4 5 8 9 |  9.5
Dodging        | |  2.4
Stealth        | |  2.4

Action                   |  1- 3 |  4- 6 |  7- 9 || total
-------------------------+-------+-------+-------++-------
Melee: Dagger            |       |     3 |    16 ||    19
 Cast: Shock             |    66 |   111 |   105 ||   282
       Airstrike         |       |       |     1 ||     1
  Use: Scroll            |       |       |     5 ||     5
       Potion            |       |       |     1 ||     1
  Eat: Chunk             |     3 |     5 |     3 ||    11
       Ration            |       |     1 |     1 ||     2
Armor: Robe              |     5 |     7 |     7 ||    19
Dodge: Dodged            |    10 |    21 |    20 ||    51
